 Dungeon Crawl Stone Soup version 0.27-a0-998-g4cfe56dd59 (webtiles) character file.

Game seed: 1914116451930678816

15236 tilp the Slicer (level 12, -6/64 HPs)
             Began as a Vine Stalker Brigand on Apr 16, 2021.
             Was a Follower of Uskayaw.
             Mangled by a six-headed hydra (10 damage)
             ... on level 2 of the Lair of Beasts.
             The game lasted 00:23:28 (12891 turns).

tilp the Slicer (Vine Stalker Brigand)             Turns: 12891, Time: 00:23:28

Health: -6/64      AC: 15    Str: 15    XL:     12   Next: 24%
Magic:  0/17       EV: 13    Int: 11    God:    Uskayaw [*.....]
Gold:   216        SH:  6    Dex: 20    Spells: 11/11 levels left

rFire    . . .     SeeInvis +   a - +2 dagger (venom)
rCold    . . .     Faith    .   Z - +2 buckler
rNeg     + . .     Spirit   +   X - +0 swamp dragon scales
rPois    +         Reflect  .   A - +1 helmet
rElec    .         Harm     .   c - +1 cloak
rCorr    .         Rampage  .   L - +1 pair of gloves
Will     +++++     Clarity  +   u - +1 pair of boots
Stlth    +++.......             y - amulet of the Four Winds {rN+ Will+++ Clar}
HPRegen  1.20/turn              C - ring of willpower
MPRegen  0.15/turn              K - ring of see invisible

@: no status effects
A: fangs 3, regeneration 1, magic shield, antimagic bite, no potion heal 2
a: Renounce Religion, Stomp


You were on level 2 of the Lair of Beasts.
You worshipped Uskayaw.
Uskayaw was noncommittal.
You visited 3 branches of the dungeon, and saw 14 of its levels.
You also visited: Bailey.

You collected 610 gold pieces.
You spent 394 gold pieces at shops.

Inventory:

Hand Weapons
 a - a +2 dagger of venom (weapon)
 b - a +2 scimitar of flaming
 o - a +0 vampiric short sword
 x - a +0 dagger of speed
 T - a +1 vampiric dagger
 W - a +2 vorpal dagger
Missiles
 d - 35 poisoned darts (quivered)
 e - 2 curare-tipped darts {!f}
 z - 5 boomerangs of dispersal
 F - 13 javelins
 U - a throwing net {!f}
 Y - 7 boomerangs
Armour
 c - a +1 cloak (worn)
 u - a +1 pair of boots (worn)
 A - a +1 helmet (worn)
 H - a +2 plate armour of willpower
 I - a +0 chain mail
 L - a +1 pair of gloves (worn)
 X - +0 swamp dragon scales (worn)
 Z - a +2 buckler (worn)
Jewellery
 f - a ring of poison resistance
 g - a +6 ring of strength
 m - a ring of fire
 y - the amulet of the Four Winds (around neck) {rN+ Will+++ Clar}
   (You found it on level 5 of the Dungeon)

   [amulet of nothing]

   It protects you from negative energy.
   It protects you against confusion.
   It greatly increases your willpower.
 C - a ring of willpower (left hand)
 K - a ring of see invisible (right hand)
 N - an amulet of magic regeneration
 S - an amulet of the acrobat
Wands
 l - a wand of charming (11)
 w - a wand of flame (18)
 B - a wand of paralysis (14)
 J - a wand of digging (5)
 O - a wand of polymorph (3)
Scrolls
 h - a scroll of enchant weapon
 i - 3 scrolls of teleportation
 q - a scroll of amnesia
 E - a scroll of vulnerability
 Q - a scroll of identify
Potions
 j - 4 potions of flight
 k - a potion of cancellation {unknown}
 n - 2 potions of might
 p - 2 potions of degeneration {unknown}
 r - a potion of ambrosia {unknown}
 t - 5 potions of curing
 v - 2 potions of berserk rage {unknown}
 D - 2 potions of mutation {unknown}
 G - 2 potions of magic {unknown}
 M - a potion of resistance {unknown}
 P - a potion of brilliance {unknown}
 R - 2 potions of lignification {unknown}
 V - a potion of invisibility {unknown}


   Skills:
 - Level 8.0 Fighting
 - Level 12.0 Short Blades
 - Level 1.7 Throwing
 - Level 6.0 Dodging
 - Level 8.0 Stealth
 + Level 6.4 Invocations
 + Level 4.5 Evocations


You had 11 spell levels left.
You didn't know any spells.
Your spell library contained the following spells:

 Spells                   Type           Power      Damage    Failure   Level
 Animate Skeleton         Necr           0%         N/A       75%         1
 Beastly Appendage        Tmut           0%         N/A       75%         1
 Corona                   Hex            0%         N/A       75%         1
 Magic Dart               Conj           0%         1d3       75%         1
 Pain                     Necr           0%         1d4       75%         1
 Summon Small Mammal      Summ           0%         N/A       75%         1
 Blink                    Tloc           N/A        N/A       87%         2
 Call Imp                 Summ           0%         N/A       87%         2
 Ensorcelled Hibernation  Hex/Ice        0%         N/A       87%         2
 Slow                     Hex            0%         N/A       87%         2
 Wereblood                Tmut           0%         N/A       87%         2
 Call Canine Familiar     Summ           0%         N/A       98%         3
 Confusing Touch          Hex            0%         N/A       98%         3
 Conjure Flame            Conj/Fire      0%         6-21      98%         3
 Dazzling Flash           Conj/Hex       0%         N/A       98%         3
 Mephitic Cloud           Conj/Pois/Air  0%         N/A       98%         3
 Spider Form              Tmut/Pois      0%         N/A       98%         3
 Summon Guardian Golem    Hex/Summ       0%         N/A       98%         3
 Tukima's Dance           Hex            0%         N/A       98%         3
 Vampiric Draining        Necr           0%         2d6       98%         3
 Animate Dead             Necr           0%         N/A       100%        4
 Ice Form                 Ice/Tmut       0%         N/A       100%        4
 Summon Ice Beast         Ice/Summ       0%         N/A       100%        4
 Summon Lightning Spire   Summ/Air       0%         N/A       100%        4
 Agony                    Necr           0%         N/A       100%        5
 Hydra Form               Tmut           0%         N/A       100%        5


Dungeon Overview and Level Annotations

Branches:
Dungeon (11/15)            Temple (1/1) D:5            Lair (2/6) D:8
    Orc (0/2) D:10         Bailey (visited)
  Swamp: Lair:2-4    Shoals: Lair:2-4     Snake: Lair:2-4    Spider: Lair:2-4

Altars:
Ashenzari
Cheibriados
Dithmenos
Elyvilon
Fedhas
Gozag
Hepliaklqana
Kikubaaqudgha
Makhleb
Nemelex Xobeh
Okawaru
Qazlal
Ru
Sif Muna
Trog
Uskayaw
Vehumet
Wu Jian
Xom
Yredelemnul
Zin
The Shining One
Beogh

Shops:
D:1 *   D:3 :[

Annotations:
D:11 Snorg


Innate Abilities, Weirdness & Mutations

You have razor-sharp teeth.
Your natural rate of healing is unusually fast.
When hurt, damage is shared between your health and your magic reserves.
Your bite disrupts and absorbs the magic of your enemies.
Potions cannot restore your health.


Message History

* * * LOW HITPOINT WARNING * * *
The seven-headed hydra barely misses you.
The six-headed hydra bites something!
The six-headed hydra bites something.
The six-headed hydra bites something! x2; The six-headed hydra bites something.
The six-headed hydra bites something!
You hit the seven-headed hydra.
Your bite misses the seven-headed hydra.
The seven-headed hydra is moderately wounded.
The seven-headed hydra barely misses you.
The seven-headed hydra bites you!
* * * LOW HITPOINT WARNING * * *
The seven-headed hydra bites you but does no damage. x2
The seven-headed hydra bites you!
* * * LOW HITPOINT WARNING * * *
The seven-headed hydra closely misses you.
The seven-headed hydra completely misses you.
You can now pass through a line of other dancers.
Unknown command.
You hit the seven-headed hydra.
The seven-headed hydra is moderately wounded.
The six-headed hydra bites something!
The six-headed hydra bites something!!
The six-headed hydra bites something.
The six-headed hydra bites something!
Unknown command.
Unknown command.
Aiming: Line Pass
Press: ? - help, Dir - move target The seven-headed hydra appears confused.
The six-headed hydra appears confused.
You can no longer pass through a line of other dancers.
The six-headed hydra closely misses you.
The six-headed hydra bites you!
* * * LOW HITPOINT WARNING * * *
You block the six-headed hydra's attack.
The six-headed hydra bites you but does no damage. x2
The six-headed hydra bites you.
* * * LOW HITPOINT WARNING * * *
The six-headed hydra seems less confused.
The seven-headed hydra seems less confused.
The six-headed hydra bites you!
You die...

....... ##.......#
#.......#
#P......##
#.......#
#.....[..#
.+.......#
#.......##
.........#
##.......#
#.....S.###P......#
#.......P<........#
#.........##......#
#.......@.##....^.#
#.....>DD.##......#
#.......#####..#.##
#.+##.##.# #.)...#
# ## ### ##P.....
......


You could see a seven-headed hydra (very poisoned), a six-headed hydra and a
water moccasin.

Vanquished Creatures
  Josephine (D:10)
  4 hydras (Lair:1)
  Erica (D:10)
  A two-headed ogre (D:10)
  The ghost of TheNamelessOne the Skirmisher, a novice OpAK of Lugonu (D:5)
  2 cyclopes
  Maggie (D:10)
  2 cane toads (Lair:1)
  3 trolls
  A hornet (D:11)
  4 blink frogs (Lair:1)
  A meliai zombie (D:10)
  A shadow (D:10)
  A wyvern (D:9)
  9 yaks
  Sigmund (D:4)
  4 wraiths (D:10)
  The ghost of stringoo the Poker, an amateur OpFi (D:4)
  An acid dragon (D:10)
  5 water moccasins
  An orc warrior (D:8)
  An ice beast (D:7)
  2 black bears
  4 ogres
  4 wolves (Lair:1)
  2 centaurs
  2 phantoms
  A kobold brigand (D:9)
  Blork the orc (D:5)
  3 bullfrogs (Lair:1)
  3 scorpions
  3 gnoll sergeants
  A wyvern skeleton (D:6)
  A water moccasin skeleton (D:7)
  2 electric eels (Lair:1)
  A howler monkey (D:5)
  4 centaur zombies
  A bullfrog zombie (D:7)
  2 jellies
  3 hounds
  5 orc priests
  Jessica (D:3)
  An iguana (D:6)
  4 orc wizards
  16 gnolls
  7 adders
  A white imp (D:7)
  An adder skeleton (D:4)
  3 dart slugs
  22 orcs
  3 endoplasms
  2 giant cockroaches
  3 goblins
  7 hobgoblins
  16 jackals
  12 kobolds
  4 quokkas
  A ball python (D:4)
  5 bats
  3 frilled lizards
  A rat (D:2)
205 creatures vanquished.

Vanquished Creatures (others)
  5 fungi
  37 plants (Lair:1)
42 creatures vanquished.

Grand Total: 247 creatures vanquished

Notes
Turn   | Place    | Note
-------+----------+-------------------------------------------
     0 | D:1      | tilp the Vine Stalker Brigand began the quest for the Orb.
     0 | D:1      | Reached XP level 1. HP: 11/11 MP: 2/2
   359 | D:1      | Reached skill level 2 in Short Blades
   395 | D:1      | Reached XP level 2. HP: 10/15 MP: 3/3
  1042 | D:1      | Found Feoqu's Assorted Antiques.
  1380 | D:1      | Bought a scroll labelled KOGOV NOS ZAO for 27 gold pieces
  1380 | D:1      | Bought a scroll labelled CYIRCH JORUURE for 27 gold pieces
  1582 | D:2      | Reached XP level 3. HP: 15/19 MP: 4/4
  2134 | D:2      | Gained mutation: Your natural rate of healing is unusually
                  | fast. [Vine Stalker growth]
  2134 | D:2      | Reached XP level 4. HP: 23/23 MP: 5/5
  2509 | D:3      | Reached skill level 3 in Short Blades
  2585 | D:3      | Found a faded altar of an unknown god.
  2590 | D:3      | Noticed Jessica
  2599 | D:3      | Killed Jessica
  2628 | D:3      | Found Fangamar's Book Shoppe.
  2710 | D:3      | Reached XP level 5. HP: 24/28 MP: 6/6
  2827 | D:3      | Found Zoakh's Antique Armour Shoppe.
  3057 | D:4      | Reached skill level 4 in Short Blades
  3057 | D:4      | Reached skill level 1 in Dodging
  3057 | D:4      | Reached XP level 6. HP: 33/33 MP: 7/7
  3126 | D:4      | Noticed Sigmund
  3137 | D:4      | Killed Sigmund
  3308 | D:4      | Reached skill level 5 in Short Blades
  3333 | D:4      | Found a snail-covered altar of Cheibriados.
  3351 | D:4      | Reached XP level 7. HP: 37/37 MP: 8/8
  3502 | D:4      | Found a runed translucent door.
  3502 | D:4      | Noticed stringoo's ghost (amateur OpFi)
  3504 | D:4      | Noticed a cyclops
  3674 | D:4      | Reached skill level 6 in Short Blades
  3674 | D:4      | Reached skill level 5 in Stealth
  3947 | D:5      | Entered Level 5 of the Dungeon
  3947 | D:5      | Noticed Blork the orc
  3956 | D:5      | Killed Blork the orc
  4182 | D:5      | Found a runed translucent gate.
  4182 | D:5      | Found a runed translucent gate.
  4183 | D:5      | Found a runed translucent gate.
  4183 | D:5      | Noticed TheNamelessOne's ghost (novice OpAK)
  4184 | D:5      | Identified the +8 dagger "Empal" {drain, Will+ rCorr}
  4247 | D:5      | Found the amulet of the Four Winds {rN+ Will+++ Clar}
  4333 | D:5      | Gained mutation: You have razor-sharp teeth. [Vine Stalker
                  | growth]
  4333 | D:5      | Reached XP level 8. HP: 41/42 MP: 7/9
  4369 | D:5      | Found a staircase to the Ecumenical Temple.
  4393 | Temple   | Entered the Ecumenical Temple
  4657 | Temple   | Became a worshipper of Uskayaw the Reveller
  4974 | D:5      | Found a shimmering blue altar of Sif Muna.
  5012 | D:5      | Reached * piety under Uskayaw
  5016 | D:5      | Reached ** piety under Uskayaw
  5019 | D:5      | Reached skill level 7 in Short Blades
  5537 | D:6      | Reached *** piety under Uskayaw
  5538 | D:6      | Reached skill level 8 in Short Blades
  5794 | D:6      | Reached skill level 1 in Invocations
  5794 | D:6      | Reached skill level 1 in Evocations
  6172 | D:7      | Reached XP level 9. HP: 36/45 MP: 10/12
  6667 | D:3      | Bought a warped helmet for 190 gold pieces
  6667 | D:3      | Identified the +0 helmet of Edenygg {Int+4 Dex-3} (You
                  | bought it in a shop on level 3 of the Dungeon)
  7287 | D:7      | Reached skill level 5 in Invocations
  7571 | D:8      | Found a staircase to the Lair.
  7748 | D:8      | Reached **** piety under Uskayaw
  7885 | D:8      | Found a basalt altar of Yredelemnul.
  8142 | D:9      | Reached XP level 10. HP: 37/49 MP: 10/15
  8192 | D:9      | Reached skill level 9 in Short Blades
  9053 | D:10     | Entered Level 10 of the Dungeon
  9093 | D:10     | Found a flagged portal.
  9102 | Bailey   | Entered a bailey
  9102 | Bailey   | Noticed an orc knight
  9104 | Bailey   | Noticed an orc knight
  9421 | D:10     | Noticed Josephine
  9449 | D:10     | Killed Josephine
  9450 | D:10     | Reached skill level 10 in Short Blades
  9450 | D:10     | Reached skill level 5 in Fighting
  9806 | D:10     | Noticed a two-headed ogre
  9820 | D:10     | Killed a two-headed ogre
  9821 | D:10     | Reached XP level 11. HP: 37/60 MP: 12/16
  9876 | D:10     | Found a staircase to the Orcish Mines.
  9879 | D:10     | Noticed Erica
  9905 | D:10     | Killed Erica
  9947 | D:10     | Found an ancient bone altar of Kikubaaqudgha.
  9947 | D:10     | Noticed Maggie
  9982 | D:10     | Killed Maggie
 10324 | D:11     | Noticed a cyclops
 10343 | D:11     | Killed a cyclops
 10464 | D:11     | HP: 1/60 [gargoyle/+0 flail (13)]
 10604 | D:11     | Noticed Snorg
 10807 | D:4      | Killed stringoo's ghost
 10826 | D:4      | Killed a cyclops
 10983 | D:5      | Killed TheNamelessOne's ghost
 11000 | D:5      | Reached ***** piety under Uskayaw
 11134 | Lair:1   | Entered Level 1 of the Lair of Beasts
 11541 | Lair:1   | Noticed a five-headed hydra
 11551 | Lair:1   | Killed a two-headed hydra
 11552 | Lair:1   | Reached skill level 11 in Short Blades
 11564 | Lair:1   | Noticed an eight-headed hydra
 11572 | Lair:1   | Noticed a seven-headed hydra
 11609 | Lair:1   | Reached skill level 5 in Dodging
 11695 | Lair:1   | Noticed an eight-headed hydra
 11712 | Lair:1   | Killed a four-headed hydra
 11878 | Lair:1   | Killed a three-headed hydra
 11879 | Lair:1   | Reached XP level 12. HP: 42/64 MP: 12/17
 12014 | Lair:1   | Reached skill level 12 in Short Blades
 12108 | Lair:1   | Killed a six-headed hydra
 12715 | D:3      | Bought a shiny buckler for 150 gold pieces
 12868 | Lair:2   | Noticed a six-headed hydra
 12868 | Lair:2   | Noticed a seven-headed hydra
 12890 | Lair:2   | HP: 3/64 [six-headed hydra (4)]
 12891 | Lair:2   | Mangled by a six-headed hydra

Illustrated notes

Levels and vault maps discovered:
D:1:      ebering_trefoil_twist, layout_basic, serial_shops, shop
D:2:      layout_basic
D:3:      layout_rooms, hellmonk_ecumenical_altar_arch_garden, serial_shops,
          nicolae_shop_statue_plus, shop, uniq_jessica
D:4:      layout_gridville, kennysheep_little_box, ebering_ghost_inner_flame,
          uniq_sigmund
D:5:      layout_basic, lemuel_crystal_altar, minmay_temple_entry_junction_2,
          biasface_ghost_orc_armoury, chequers_serial_rivers_large_b,
          uniq_blork_the_orc
D:6:      layout_loops_corners
D:7:      layout_cave_pods, st_stairs_14
D:8:      layout_basic, kennysheep_mini, lair_entry_dummy
D:9:      layout_basic
D:10:     layout_basic, kiku_gazebo_pond_becter, orc_0_dummy, enter_bailey_8,
          serial_curves, eino_curves_02, eino_curves_02, eino_curves_02,
          eino_curves_04, minmay_misc_feat_rows, uniq_erica, uniq_maggie,
          uniq_josephine
D:11:     layout_gridville, serial_shops, shop_coins, onia_ninara_cookie,
          uniq_snorg
Temple:   dpeg_five_rooms_temple
Lair:1:   layout_gridlike, serial_bayou, serial_bayou_shore_a,
          serial_bayou_crossing, serial_bayou_pond_b, serial_bayou_pond_c,
          minmay_holes, hangedman_lair_unloving_vines
Lair:2:   layout_roguey

Skill      XL: |  1  2  3  4  5  6  7  8  9 10 11 12 |
---------------+-------------------------------------+-----
Fighting       | 2 3 4 8 |  8.0
Short Blades   | 2 3 4 5 6 8 10 11 12 | 12.0
Dodging        | 1 2 5 6 |  6.0
Stealth        | 6 7 8 |  8.0
Invocations    | 3 6 |  6.4
Evocations     | 2 4 |  4.5
Throwing       | |  1.7

Action                   |  1- 3 |  4- 6 |  7- 9 | 10-12 || total
-------------------------+-------+-------+-------+-------++-------
Melee: Dagger            |   131 |   135 |   323 |   492 ||  1081
       Bite              |    26 |    45 |   135 |   234 ||   440
       Scimitar          |       |       |       |    20 ||    20
Throw: Dart              |       |       |     2 |    36 ||    38
Invok: Line Pass         |       |       |       |     2 ||     2
Evoke: Wand              |       |       |       |     4 ||     4
  Use: Scroll            |     3 |     1 |     6 |     8 ||    18
 Stab: Sleeping          |     2 |       |       |       ||     2
       Paralysed         |       |       |     4 |    16 ||    20
       Confused          |       |       |       |     1 ||     1
Armor: Robe              |     6 |       |       |       ||     6
       Plate armour      |    88 |    79 |    77 |       ||   244
       Chain mail        |       |       |    65 |   126 ||   191
       Swamp dragon scal |       |       |       |    93 ||    93
Dodge: Dodged            |    34 |    12 |    44 |   183 ||   273
Block: Buckler           |       |     8 |    37 |    80 ||   125
       Rpst.: Scimitar   |       |       |       |     5 ||     5

Table legend: (Time is in decaauts)
 A = Elapsed time spent in this place.
 B = Non-inter-level travel time spent in this place.
 C = Inter-level travel time spent in this place.
 D = Time resting spent in this place.
 E = Time spent auto-exploring this place.
 F = Levels seen in this place.
 G = Mean time per level.
                   A        B        C        D        E       F      G
               +--------+--------+--------+--------+--------+-----+--------+
         Total |  12710 |  11172 |   1538 |   1340 |   7739 |  15 |  847.3 |
       Dungeon |  10889 |   9482 |   1407 |    876 |   6788 |  11 |  989.9 |
        Temple |    293 |    213 |     80 |      0 |    212 |   1 |  293.0 |
          Lair |   1518 |   1467 |     51 |    464 |    738 |   2 |  759.0 |
        Bailey |      8 |      8 |      0 |      0 |      0 |   1 |    8.0 |
               +--------+--------+--------+--------+--------+-----+--------+

Top non-repeatable levels by time:
  Lair:1: 1499 daAuts
     D:1: 1401 daAuts
    D:10: 1335 daAuts
     D:5: 1214 daAuts
     D:7: 1160 daAuts
     D:6: 1135 daAuts
     D:2: 1080 daAuts
     D:4: 1065 daAuts
     D:9: 934 daAuts
     D:8: 809 daAuts
     D:3: 574 daAuts
  Temple: 293 daAuts
    D:11: 177 daAuts
  Lair:2: 19 daAuts
  Bailey: 8 daAuts
